 Dungeon Crawl Stone Soup version 0.31.0-11-ge490571c62 (webtiles) character file.

Game seed: 13928510040676673087

51 sanka the Cudgeller (level 3, 0/33 HPs)
             Began as a Minotaur Fighter on Jan 26, 2024.
             Slain by a gnoll
             ... wielding a +0 halberd
              (1 damage)
             ... on level 2 of the Dungeon.
             The game lasted 00:02:03 (777 turns).

sanka the Cudgeller (Minotaur Fighter)               Turns: 777, Time: 00:02:03

Health: 0/33       AC:  8    Str: 20    XL:     3   Next: 57%
Magic:  2/2        EV:  9    Int:  5    God:
Gold:   80         SH:  4    Dex: 11    Spells: 2/2 levels left

rFire   . . .        a - +0 flail
rCold   . . .        c - +0 buckler
rNeg    . . .        b - +0 scale mail
rPois   .            (helmet restricted)
rElec   .            (no cloak)
rCorr   .            f - +0 pair of gloves
SInv    .            (no boots)
Will    +....        (no amulet) Stlth
                     (no ring)
HPRegen 0.25/turn    (no ring)
MPRegen 0.08/turn

%: no passive effects
@: enlightened, flying
A: horns 2, retaliatory headbutt
a: no special abilities


You were on level 2 of the Dungeon.
You visited 1 branch of the dungeon, and saw 2 of its levels.

You collected 80 gold pieces.


Innate Abilities, Weirdness & Mutations

You have a pair of horns on your head.
You reflexively headbutt those who attack you in melee.


   Skills:
 - Level 4.0 Fighting
 + Level 4.6 Maces & Flails
 - Level 3.6 Armour
 - Level 3.6 Shields


You had 2 spell levels left.
You didn't know any spells.
Your spell library was empty.

Inventory:

Hand Weapons
 a - a +0 flail (weapon)
Armour
 b - a +0 scale mail (worn)
 c - a +0 buckler (worn)
 f - a +0 pair of gloves (worn)
Scrolls
 g - a scroll of teleportation {unknown}
 h - 2 scrolls of amnesia {unknown}
 i - a scroll of identify {unknown}
 j - a scroll of enchant weapon {unknown}
Potions
 d - a potion of might
 e - a potion of enlightenment
 k - a potion of degeneration {unknown}
 l - a potion of resistance {unknown}
 m - a potion of berserk rage {unknown}

Dungeon Overview and Level Annotations

Branches:
Dungeon (2/15)

Altars:

Shops:
D:1

[
▒▒▒......▒
▒▒▒▒▒..▒
▒..▒ ▒..▒
▒..▒
▒▒▒▒▒..▒
▒......▒
▒.▒▒▒▒.▒
▒. ▒H▒ ▒.
▒▒g▒ ▒.
▒.l▒ ▒.
▒.▒▒
▒.▒▒▒.▒
▒.l$..▒
▒..▒▒▒▒
▒..▒ ▒.†▒


You could see a gnoll and a frilled lizard.


Message History

You miss the bat. The bat hits you but does no damage.
The gnoll hits you from afar with a +0 halberd.
* * * LOW HITPOINT WARNING * * *
The bat hits you but does no damage.
You hit the bat but do no damage. The bat misses you.
The gnoll barely misses you. You block the bat's attack.
You barely miss the bat. The bat hits you but does no damage.
The gnoll hits you from afar with a +0 halberd!
* * * LOW HITPOINT WARNING * * *
The bat barely misses you. The gnoll hits you but does no damage.
You sock the bat!
You kill the bat!
The gnoll hits you from afar with a +0 halberd.
* * * LOW HITPOINT WARNING * * *
The gnoll hits you but does no damage.
You see here a bat corpse.
You barely miss the gnoll. Your headbutt misses the gnoll.
You block the gnoll's attack.
Unknown command.
It was a potion of enlightenment.
You feel very buoyant.
You fly up into the air.
The gnoll hits you with a +0 halberd.
You die...

Action                     || total
---------------------------++-------
  Melee: Flail             ||    53
         Headbutt          ||     4
    Use: Potion            ||     1
 Armour: Scale mail        ||    51
  Dodge: Dodged            ||    29
  Block: Buckler           ||    16

Levels and vault maps discovered:
D:1:      heliophobic_arrival_enchanted_forest, layout_loops_cross,
          hellmonk_ecumenical_altar_run_dry, serial_shops,
          nicolae_shop_mannequins
D:2:      layout_loops_ring, uniq_terence

Notes
Turn   | Place    | Note
-------+----------+-------------------------------------------
     0 | D:1      | sanka the Minotaur Fighter began the quest for the Orb.
     0 | D:1      | Reached XP level 1. HP: 19/19 MP: 0/0
   126 | D:1      | Found a faded altar of an unknown god.
   191 | D:1      | Found Qomomof's Armour Boutique.
   191 | D:1      | Identified +0 storm dragon scales
   191 | D:1      | Noticed an animated storm dragon scales
   193 | D:1      | Identified +0 gold dragon scales
   193 | D:1      | Noticed an animated gold dragon scales
   243 | D:1      | Reached skill level 4 in Fighting
   243 | D:1      | Reached skill level 3 in Maces & Flails
   243 | D:1      | Reached XP level 2. HP: 27/27 MP: 1/1
   655 | D:2      | Reached skill level 4 in Maces & Flails
   655 | D:2      | Reached XP level 3. HP: 33/33 MP: 2/2
   774 | D:2      | HP: 1/33 [gnoll/+0 halberd (4)]
   777 | D:2      | Slain by a gnoll

Vanquished Creatures
  A gnoll (D:2)
  An adder (D:2)
  A dart slug (D:1)
  5 ball pythons
  An endoplasm (D:1)
  A giant cockroach (D:1)
  3 goblins
  A hobgoblin (D:2)
  2 jackals (D:1)
  4 kobolds
  2 quokkas
  3 bats
  A frilled lizard (D:1)
  3 rats
29 creatures vanquished.
